IL
CHARLOTTE KNIGHTS @ NORFOLK TIDES
07/17/2099
 
TOP OF THE 1ST
Charlotte Knights batting - Pitching for Norfolk Tides : RHP Aaron Hayhurst
Pitching: RHP Aaron Hayhurst
Batting: RHB Danny Avalos 0-0: Foul Ball, location: 2RF
0-1: Ball
1-1: Ball
2-1: Ground out 5-3 (Groundball, 56S, EV 67.5 MPH)
Batting: SHB Milt Gomez 0-0: Ball
1-0: Fly out, F5 (Popup, 56, EV 71.3 MPH)
Batting: LHB Marcos Elizondo 0-0: Foul Ball, location: 23F
0-1: Foul Ball, location: 7LDF
0-2: Foul Ball, location: 3FF
0-2: Foul Ball, location: 2F
0-2: Ball
1-2: Ball
2-2: Ball
3-2: Base on Balls
Batting: RHB Travis De Angelis 0-0: Called Strike
0-1: Ball
1-1: Called Strike
1-2: Fly out, F7 (Line Drive, 7, EV 95.6 MPH)
Top of the 1st over - 0 runs, 0 hits, 0 errors, 1 left on base; Charlotte 0 - Norfolk 0
BOTTOM OF THE 1ST
Norfolk Tides batting - Pitching for Charlotte Knights : RHP Victor Peden
Pitching: RHP Victor Peden
Batting: SHB Jarrett Crawford 0-0: Called Strike
0-1: Swinging Strike
0-2: Foul Ball, location: 2F
0-2: Strikes out swinging
Batting: LHB Andres Lopez 0-0: Ball
1-0: Swinging Strike
1-1: Ball
2-1: Foul Ball, location: 9LDF
2-2: Fly out, F8 (Flyball, 8RD, EV 76.9 MPH)
Batting: LHB Dave Schwabe 0-0: Foul Ball, location: 2F
0-1: Ball
1-1: Ground out 4-3 (Groundball, 34, EV 82.5 MPH)
Bottom of the 1st over - 0 runs, 0 hits, 0 errors, 0 left on base; Charlotte 0 - Norfolk 0
TOP OF THE 2ND
Charlotte Knights batting - Pitching for Norfolk Tides : RHP Aaron Hayhurst
Batting: SHB James Burgin 0-0: Ball
1-0: Ball
2-0: Ball
3-0: Base on Balls
Batting: SHB Ben Reiners 0-0: SINGLE (Groundball, 6D, EV 102.5 MPH)
James Burgin to second
Batting: LHB Kevin Howard 0-0: Called Strike
0-1: Foul Ball, location: 7LMF
0-2: Ball
1-2: Ball
2-2: Ball
3-2: Strikes out swinging
Batting: RHB Alberto Hernandez 0-0: Ball
1-0: Foul Ball, location: 3F
1-1: Swinging Strike
1-2: Strikes out swinging
Batting: RHB Mark Clardy 0-0: Ball
1-0: Fly out, F3 (Popup, 34S, EV 65.6 MPH)
Top of the 2nd over - 0 runs, 1 hit, 0 errors, 2 left on base; Charlotte 0 - Norfolk 0
BOTTOM OF THE 2ND
Norfolk Tides batting - Pitching for Charlotte Knights : RHP Victor Peden
Batting: RHB Anthon de Graauw 0-0: Ball
1-0: Swinging Strike
1-1: Called Strike
1-2: Strikes out swinging
Batting: LHB Kevin Traynham 0-0: Ball
1-0: Ball
2-0: SINGLE (Line Drive, 8LS, EV 106.3 MPH)
Batting: RHB Evan Keaton 0-0: Swinging Strike
0-1: Ball
1-1: SINGLE (Groundball, 4MD, EV 105.0 MPH)
Kevin Traynham to second
Runner from 2nd tries for 3rd, SAFE, throw by CF made to third
Batting: LHB Isaiah Brown 0-0: Swinging Strike
0-1: Ball
1-1: Swinging Strike
1-2: Ball
2-2: Strikes out swinging
Batting: RHB Gene Wilcox 0-0: Fly out, F7 (Flyball, 78S, EV 85.0 MPH)
Bottom of the 2nd over - 0 runs, 2 hits, 0 errors, 2 left on base; Charlotte 0 - Norfolk 0
TOP OF THE 3RD
Charlotte Knights batting - Pitching for Norfolk Tides : RHP Aaron Hayhurst
Batting: RHB Danny Avalos 0-0: Called Strike
0-1: Foul Ball, location: 2F
0-2: Ball
1-2: Ball
2-2: Ground out 3-1 (Groundball, 13, EV 86.3 MPH)
Batting: SHB Milt Gomez 0-0: Called Strike
0-1: Swinging Strike
0-2: Ball
1-2: Strikes out swinging
Batting: LHB Marcos Elizondo 0-0: Ball
1-0: Ground out 4-3 (Groundball, 4, EV 85.0 MPH)
Top of the 3rd over - 0 runs, 0 hits, 0 errors, 0 left on base; Charlotte 0 - Norfolk 0
BOTTOM OF THE 3RD
Norfolk Tides batting - Pitching for Charlotte Knights : RHP Victor Peden
Batting: RHB Lloyd Hallamore 0-0: Ball
1-0: Ball
2-0: Ball
3-0: Base on Balls
Batting: SHB Jarrett Crawford 0-0: Ball
1-0: Ball
Lloyd Hallamore steals 2nd base
2-0: Swinging Strike
2-1: Swinging Strike
2-2: Foul Ball, location: 2F
2-2: Ball
3-2: Fly out, F8 (Line Drive, 78M, EV 110.0 MPH)
Batting: LHB Andres Lopez 0-0: Foul Ball, location: 2F
0-1: Ball
1-1: Swinging Strike
1-2: Fly out, F7 (Flyball, 7D, EV 99.4 MPH)
Batting: LHB Dave Schwabe 0-0: Called Strike
0-1: Called Strike
0-2: Foul Ball, location: 2F
0-2: Ball
1-2: Fly out, F4 (Popup, 34, EV 71.9 MPH)
Bottom of the 3rd over - 0 runs, 0 hits, 0 errors, 1 left on base; Charlotte 0 - Norfolk 0
TOP OF THE 4TH
Charlotte Knights batting - Pitching for Norfolk Tides : RHP Aaron Hayhurst
Batting: RHB Travis De Angelis 0-0: Ball
1-0: Fly out, F9 (Flyball, 9LM, EV 95.0 MPH)
Batting: SHB James Burgin 0-0: Ball
1-0: Fly out, F8 (Line Drive, 8RD, EV 84.4 MPH)
Batting: SHB Ben Reiners 0-0: Fly out, F8 (Line Drive, 78M, EV 93.8 MPH)
Top of the 4th over - 0 runs, 0 hits, 0 errors, 0 left on base; Charlotte 0 - Norfolk 0
BOTTOM OF THE 4TH
Norfolk Tides batting - Pitching for Charlotte Knights : RHP Victor Peden
Batting: RHB Anthon de Graauw 0-0: Foul Ball, location: 3FF
0-1: Ball
1-1: Ball
2-1: Foul Ball, location: 23FF
2-2: Ball
3-2: DOUBLE (Flyball, 8RXD, EV 92.5 MPH)
Batting: LHB Kevin Traynham 0-0: Called Strike
0-1: SINGLE (Line Drive, 8LS, EV 96.3 MPH)
Anthon de Graauw to third
Runner from 3rd tries for Home, SAFE, throw by CF to home
Batting: RHB Evan Keaton 0-0: Called Strike
0-1: Ball
1-1: Ball
2-1: Foul Ball, location: 3F
2-2: Foul Ball, location: 2F
2-2: Ball
3-2: Base on Balls
Kevin Traynham to second
Batting: LHB Isaiah Brown 0-0: Ball
1-0: Ball
2-0: SINGLE (Groundball, 34D, EV 107.5 MPH)
Kevin Traynham to third
Evan Keaton to second
Batting: RHB Gene Wilcox 0-0: Called Strike
0-1: Foul Ball, location: 3FF
0-2: Reached on error, E3 (Groundball, 34S, EV 88.1 MPH)
Kevin Traynham scores
Evan Keaton to third
Isaiah Brown to second
Batting: RHB Lloyd Hallamore 0-0: Called Strike
0-1: Ball
1-1: Ball
2-1: Swinging Strike
2-2: Grounds into double play, 4-6-3 (Groundball, 4, EV 104.4 MPH)
Evan Keaton scores
Isaiah Brown to third
Batting: SHB Jarrett Crawford 0-0: Ball
1-0: Ball
2-0: Ball
3-0: Called Strike
3-1: Called Strike
3-2: Strikes out swinging
Bottom of the 4th over - 3 runs, 3 hits, 1 error, 1 left on base; Charlotte 0 - Norfolk 3
TOP OF THE 5TH
Charlotte Knights batting - Pitching for Norfolk Tides : RHP Aaron Hayhurst
Batting: LHB Kevin Howard 0-0: DOUBLE (Flyball, 78D, EV 97.5 MPH)
Batting: RHB Alberto Hernandez 0-0: Ground out 4-3 (Groundball, 4, EV 84.4 MPH)
Kevin Howard to third
Batting: RHB Mark Clardy 0-0: Called Strike
0-1: Ball
1-1: Ball
2-1: Foul Ball, location: 2F
2-2: Foul Ball, location: 9LSF
2-2: Ball
3-2: Base on Balls
Batting: RHB Danny Avalos 0-0: Ball
1-0: Foul Ball, location: 9LMF
1-1: Ball
Wild Pitch!
Kevin Howard scores
Mark Clardy to second
2-1: Swinging Strike
2-2: Ball
3-2: Fly out, F8 (Flyball, 8RD, EV 110.0 MPH)
Batting: SHB Milt Gomez 0-0: Ball
1-0: DOUBLE (Line Drive, 78D, EV 110.6 MPH)
Mark Clardy scores
Batting: LHB Marcos Elizondo 0-0: Foul Ball, location: 9LMF
0-1: Fly out, F9 (Line Drive, 9, EV 101.3 MPH)
Top of the 5th over - 2 runs, 2 hits, 0 errors, 1 left on base; Charlotte 2 - Norfolk 3
BOTTOM OF THE 5TH
Norfolk Tides batting - Pitching for Charlotte Knights : RHP Victor Peden
Batting: LHB Andres Lopez 0-0: Ball
1-0: Fly out, F8 (Line Drive, 8RD, EV 85.6 MPH)
Batting: LHB Dave Schwabe 0-0: Ball
1-0: Ground out 3-1 (Groundball, 34S, EV 86.3 MPH)
Batting: RHB Anthon de Graauw 0-0: Called Strike
0-1: Ball
1-1: Ball
2-1: Ball
3-1: Called Strike
3-2: Fly out, F2 (Popup, 15S, EV 87.5 MPH)
Bottom of the 5th over - 0 runs, 0 hits, 0 errors, 0 left on base; Charlotte 2 - Norfolk 3
TOP OF THE 6TH
Charlotte Knights batting - Pitching for Norfolk Tides : RHP Aaron Hayhurst
Batting: RHB Travis De Angelis 0-0: Called Strike
0-1: Fly out, F7 (Line Drive, 78M, EV 98.8 MPH)
Batting: SHB James Burgin 0-0: Ball
1-0: Ball
2-0: Called Strike
2-1: Called Strike
2-2: Ball
3-2: Strikes out looking
Batting: SHB Ben Reiners 0-0: Fly out, F2 (Popup, 15S, EV 90.6 MPH)
Top of the 6th over - 0 runs, 0 hits, 0 errors, 0 left on base; Charlotte 2 - Norfolk 3
BOTTOM OF THE 6TH
Norfolk Tides batting - Pitching for Charlotte Knights : RHP Victor Peden
Pitching: LHP Victor Molina
Batting: LHB Kevin Traynham 0-0: Called Strike
0-1: Ball
1-1: Foul Ball, location: 2LF
1-2: Ball
2-2: Foul Ball, location: 25F
2-2: Strikes out swinging
Batting: RHB Evan Keaton 0-0: Called Strike
0-1: Ball
1-1: Ball
2-1: Ball
3-1: Foul Ball, location: 3FF
3-2: Strikes out swinging
Batting: LHB Isaiah Brown 0-0: Ball
1-0: Ball
2-0: Ball
3-0: Called Strike
3-1: Base on Balls
Batting: RHB Gene Wilcox 0-0: Fly out, F5 (Popup, 5SF, EV 84.4 MPH)
Bottom of the 6th over - 0 runs, 0 hits, 0 errors, 1 left on base; Charlotte 2 - Norfolk 3
TOP OF THE 7TH
Charlotte Knights batting - Pitching for Norfolk Tides : RHP Aaron Hayhurst
Batting: LHB Kevin Howard 0-0: Swinging Strike
0-1: Foul Ball, location: 2F
0-2: Ball
1-2: Fly out, F8 (Flyball, 8RM, EV 84.4 MPH)
Batting: RHB Alberto Hernandez 0-0: Ball
1-0: Ball
2-0: SINGLE (Line Drive, 8LS, EV 105.0 MPH)
Pitching: LHP Malachi Phillips
Batting: RHB Mark Clardy 0-0: Ball
1-0: Called Strike
1-1: SINGLE (Groundball, 6MD, EV 100.0 MPH)
Alberto Hernandez to second
Runner from 2nd tries for 3rd, SAFE, throw by CF made to third
Batting: RHB Danny Avalos 0-0: Called Strike
0-1: TRIPLE (Flyball, 78XD, EV 88.1 MPH)
Alberto Hernandez scores
Mark Clardy scores
Batting: SHB Milt Gomez 0-0: Ball
1-0: Ball
2-0: Ball
3-0: Called Strike
3-1: Foul Ball, location: 2F
3-2: Base on Balls
Batting: LHB Marcos Elizondo 0-0: Ball
1-0: Foul Ball, location: 25F
1-1: Ball
2-1: Called Strike
2-2: Strikes out swinging
Batting: RHB Travis De Angelis 0-0: Called Strike
0-1: Called Strike
0-2: Strikes out looking
Top of the 7th over - 2 runs, 3 hits, 0 errors, 2 left on base; Charlotte 4 - Norfolk 3
BOTTOM OF THE 7TH
Norfolk Tides batting - Pitching for Charlotte Knights : LHP Victor Molina
Batting: RHB Lloyd Hallamore 0-0: Ball
1-0: Ball
2-0: Foul Ball, location: 3F
2-1: Foul Ball, location: 25F
2-2: Foul Ball, location: 7LSFF
2-2: Ball
3-2: Strikes out looking
Batting: SHB Jarrett Crawford 0-0: Ball
1-0: Swinging Strike
1-1: Swinging Strike
1-2: Strikes out swinging
Pinch Hitting: RHB Dale Norvell 0-0: Foul Ball, location: 7LSF
0-1: Foul Ball, location: 2F
0-2: Ball
1-2: Strikes out looking
Bottom of the 7th over - 0 runs, 0 hits, 0 errors, 0 left on base; Charlotte 4 - Norfolk 3
TOP OF THE 8TH
Charlotte Knights batting - Pitching for Norfolk Tides : LHP Malachi Phillips
Now in CF: Dale Norvell
Batting: SHB James Burgin 0-0: Ball
1-0: Ball
2-0: Called Strike
2-1: Called Strike
2-2: Ball
3-2: Base on Balls
Batting: SHB Ben Reiners 0-0: Called Strike
0-1: Ball
1-1: Swinging Strike
1-2: Ball
2-2: Ball
3-2: Foul Ball, location: 2F
3-2: Strikes out swinging
Batting: LHB Kevin Howard 0-0: Ball
1-0: Ball
2-0: Called Strike
2-1: Foul Ball, location: 2F
2-2: Strikes out swinging
Batting: RHB Alberto Hernandez 0-0: Ball
1-0: Called Strike
1-1: Ball
2-1: Foul Ball, location: 5F
2-2: Strikes out looking
Top of the 8th over - 0 runs, 0 hits, 0 errors, 1 left on base; Charlotte 4 - Norfolk 3
BOTTOM OF THE 8TH
Norfolk Tides batting - Pitching for Charlotte Knights : LHP Victor Molina
Pitching: RHP Kevin Brodnik
Batting: LHB Dave Schwabe 0-0: Ball
1-0: Ball
2-0: Called Strike
2-1: Called Strike
2-2: Strikes out swinging
Pinch Hitting: LHB Jesus Garcia 0-0: Ball
1-0: Ball
2-0: Called Strike
2-1: Ground out 6-3 (Groundball, 6, EV 85.0 MPH)
Batting: LHB Kevin Traynham 0-0: Called Strike
0-1: Ball
1-1: Foul Ball, location: 5F
1-2: SINGLE (Line Drive, 4M, EV 70.0 MPH)
Batting: RHB Evan Keaton 0-0: Called Strike
0-1: Fly out, F8 (Flyball, 8LM, EV 85.0 MPH)
Bottom of the 8th over - 0 runs, 1 hit, 0 errors, 1 left on base; Charlotte 4 - Norfolk 3
TOP OF THE 9TH
Charlotte Knights batting - Pitching for Norfolk Tides : LHP Malachi Phillips
Now in LF: Jesus Garcia
Batting: RHB Mark Clardy 0-0: Ball
1-0: Ball
2-0: Foul Ball, location: 2F
2-1: Swinging Strike
2-2: Ball
3-2: SINGLE (Line Drive, 56, EV 97.5 MPH)
Batting: RHB Danny Avalos 0-0: Ball
1-0: Swinging Strike
1-1: Ball
2-1: Fly out, F2 (Popup, 2LF, EV 97.5 MPH)
Pitching: LHP Mike Brown
Batting: SHB Milt Gomez 0-0: Ball
1-0: Called Strike
1-1: Ball
2-1: Ball
3-1: Base on Balls
Mark Clardy to second
Batting: RHB John Kofoid 0-0: Ball
1-0: Ball
2-0: Ball
3-0: Base on Balls
Mark Clardy to third
Milt Gomez to second
Batting: RHB Travis De Angelis 0-0: Called Strike
0-1: Swinging Strike
0-2: Foul Ball, location: 9LDF
0-2: Ball
1-2: Ball
2-2: SINGLE (Line Drive, 56D, EV 103.1 MPH)
Mark Clardy scores
Milt Gomez to third
John Kofoid to second
Runner from 3rd tries for Home, SAFE, throw by LF to home
Batting: SHB James Burgin 0-0: Ball
1-0: Called Strike
1-1: Swinging Strike
1-2: Strikes out swinging
Batting: SHB Ben Reiners 0-0: SINGLE (Groundball, 6MD, EV 103.1 MPH)
John Kofoid to third
Travis De Angelis to second
Runner from 3rd tries for Home, SAFE, throw by CF to home
Batting: LHB Kevin Howard 0-0: Foul Ball, location: 7LMF
0-1: Fly out, F7 (Flyball, 78M, EV 74.4 MPH)
Top of the 9th over - 3 runs, 3 hits, 0 errors, 2 left on base; Charlotte 7 - Norfolk 3
BOTTOM OF THE 9TH
Norfolk Tides batting - Pitching for Charlotte Knights : RHP Kevin Brodnik
Batting: LHB Isaiah Brown 0-0: Ball
1-0: Ball
2-0: Called Strike
2-1: Ball
3-1: Ground out 4-3 (Groundball, 4S, EV 86.3 MPH)
Batting: RHB Gene Wilcox 0-0: Ball
1-0: Ball
2-0: Foul Ball, location: 9LMFF
2-1: Foul Ball, location: 2F
2-2: Foul Ball, location: 25FF
2-2: Ground out 6-3 (Groundball, P, EV 86.9 MPH)
Batting: RHB Lloyd Hallamore 0-0: Foul Ball, location: 5DF
0-1: Swinging Strike
0-2: Ball
1-2: Ball
2-2: Foul Ball, location: 9LMFF
2-2: Strikes out swinging
Bottom of the 9th over - 0 runs, 0 hits, 0 errors, 0 left on base; Charlotte 7 - Norfolk 3
Sunday, May 12th , 2024 - OOTP Baseball 24.11 Build 85